Map: Prion Terraces

Players

Amane - Winner!

  • Race: Protoss Protoss
  • League: Grandmaster

xKawaiian

  • Race: Terran Terran
  • League: Master

VOD

Have the link to the VOD?

Description

Time

  • Played on: Jan. 10, 2016, 11:37 a.m.
  • Length: 9:52
Show
View Real Time Build Order
Export as new Build Order

Amane Protoss - Winner!

Build Orders: 1 Gate Expand 

Get SALT Encoding   

  12  0:01  Probe (Chrono Boost)  
  13  0:11  Probe (Chrono Boost)  
  14  0:17  Pylon  
  14  0:22  Probe (Chrono Boost)  
  16  0:35  Probe (Chrono Boost)  
  16  0:40  Gateway  
  16  0:41  Assimilator  
  16  0:46  Probe (Chrono Boost)  
  17  0:57  Probe (Chrono Boost)  
  18  1:08  Probe (Chrono Boost)  
  19  1:18  Probe (Chrono Boost)  
  20  1:26  Nexus  
  20  1:32  Cybernetics Core  
  20  1:33  Probe (Chrono Boost)  
  21  1:47  Assimilator  
  21  1:48  Probe (Chrono Boost), Pylon  
  22  1:59  Probe (Chrono Boost)  
  23  2:09  Probe (Chrono Boost)  
  23  2:10  Adept (Chrono Boost)  
  23  2:11  Warp Gate  
  26  2:21  Probe  
  27  2:27  Robotics Facility  
  27  2:33  Probe  
  27  2:34  Adept (Chrono Boost)  
  30  2:40  Probe  
  31  2:45  Probe  
  31  2:51  Probe  
  32  2:57  Probe, Adept (Chrono Boost)  
  36  3:01  Probe  
  37  3:10  Probe  
  38  3:13  Probe  
  38  3:14  Warp Prism (Chrono Boost)  
  38  3:17  Adept  
  41  3:21  Pylon  
  41  3:22  Probe  
  44  3:28  Probe  
  44  3:34  Twilight Council  
  45  3:37  Probe  
  46  3:41  Pylon  
  46  3:42  Mothership Core (Chrono Boost)  
  48  3:49  Probe  
  49  4:01  Probe (Chrono Boost), Observer (Chrono Boost)  
  51  4:04  Probe (Chrono Boost)  
  51  4:07  Pylon  
  52  4:11  Nexus  
  52  4:12  Probe (Chrono Boost)  
  52  4:14  Probe (Chrono Boost)  
  52  4:15  Blink (Chrono Boost)  
  54  4:23  Probe (Chrono Boost)  
  55  4:30  Probe (Chrono Boost)  
  56  4:34  Pylon  
  56  4:41  Probe (Chrono Boost)  
  57  4:46  Pylon  
  57  4:47  Probe  
  57  4:49  Immortal  
  62  5:07  Gateway  
  62  5:09  Gateway  
  62  5:11  Gateway  
  62  5:15  Gateway  
  62  5:17  Gateway  
  62  5:19  Gateway  
  62  5:22  Pylon  
  62  5:33  Immortal  
  66  5:35  Probe  
  66  5:36  Probe x2  
  69  5:44  Sentry  
  69  5:48  Probe x3  
  73  5:56  Pylon  
  74  6:01  Pylon  
  74  6:03  Pylon  
  74  6:04  Pylon  
  74  6:06  Stalker x2  
  78  6:12  Immortal  
  78  6:18  Stalker x5  
  92  6:32  Stalker  
  94  6:37  Assimilator  
  94  6:39  Probe x2  
  95  6:41  Assimilator  
  95  6:44  Assimilator  
  96  6:48  Probe, Assimilator  
  96  6:51  Gateway  
  96  6:52  Probe  
  96  6:53  Immortal  
  102  6:54  Gateway  
  102  6:57  Gateway  
  102  6:59  Pylon  
  102  7:02  Stalker  
  102  7:04  Pylon  
  104  7:11  Stalker  
  104  7:12  Stalker  
  104  7:14  Probe  
  109  7:16  Probe  
  109  7:22  Probe, Pylon  
  110  7:24  Pylon  
  110  7:26  Probe, Pylon  
  112  7:43  Observer  
  112  7:46  Probe x2  
  112  7:47  Probe  
  112  7:50  Charge (Chrono Boost)  
  115  7:56  Probe  
  116  8:03  Probe  
  117  8:08  Nexus  
  117  8:09  Forge  
  117  8:10  Pylon  
  117  8:11  Immortal  
  117  8:12  Sentry x2, Forge, Pylon  
  123  8:13  Sentry  
  123  8:14  Pylon x2, Zealot x7  
  141  8:24  Pylon  
  141  8:25  Pylon  
  141  8:39  Zealot x8  
  141  8:40  Pylon, Zealot  
  159  8:42  Zealot  
  161  8:50  Templar Archives  
  161  9:00  Zealot x4  
  161  9:01  Zealot  
  171  9:04  Zealot  
  173  9:26  Zealot x3  
  173  9:27  Zealot x7  
  153  9:40  Probe  
  130  9:48  Zealot x9  
Show
View Real Time Build Order
Export as new Build Order

xKawaiian Terran 

Build Orders: Reaper Expand, MMM Bio 

Get SALT Encoding   

  12  0:01  SCV  
  13  0:13  SCV  
  14  0:17  Supply Depot  
  14  0:25  SCV  
  15  0:39  SCV  
  15  0:41  Barracks  
  16  0:46  Refinery  
  16  0:51  SCV  
  17  1:03  SCV  
  18  1:15  SCV  
  19  1:29  Orbital Command  
  19  1:30  Reaper  
  20  1:40  Command Center  
  20  1:49  Supply Depot  
  20  1:55  SCV  
  21  2:02  Barracks Reactor  
  21  2:07  SCV, Barracks  
  22  2:16  Barracks  
  22  2:19  SCV  
  23  2:31  SCV  
  24  2:39  Marine x2  
  24  2:43  SCV  
  27  2:53  Orbital Command  
  27  2:55  SCV  
  27  2:56  Barracks Tech Lab  
  27  2:57  Marine x2  
  30  3:06  Factory  
  30  3:07  SCV  
  30  3:10  Refinery, Marine  
  32  3:15  Marine x2  
  32  3:18  Stimpack  
  32  3:19  Marine  
  35  3:22  SCV  
  35  3:24  SCV  
  37  3:28  Marine  
  37  3:33  Marine  
  39  3:34  SCV  
  39  3:35  Marine  
  39  3:36  SCV  
  42  3:42  Supply Depot, Marine  
  42  3:46  SCV, Marine  
  45  3:49  Factory Tech Lab  
  45  3:54  Bunker  
  45  3:56  Bunker, Marine  
  46  4:03  Supply Depot  
  46  4:04  Marine x3  
  46  4:09  Cyclone  
  52  4:16  Marine  
  53  4:20  Supply Depot  
  53  4:22  Marine  
  53  4:23  Marine  
  54  4:30  SCV  
  53  4:32  Starport  
  53  4:35  Marine x2  
  55  4:41  Marine x2  
  55  4:44  Cyclone  
  55  4:45  SCV  
  61  4:53  SCV  
  61  4:57  SCV  
  61  4:59  Supply Depot  
  62  5:05  SCV  
  61  5:09  SCV  
  61  5:10  Barracks Tech Lab, Starport Reactor  
  61  5:12  Marine  
  63  5:18  SCV  
  64  5:26  SCV  
  64  5:28  Refinery  
  65  5:29  Marauder, Marine  
  65  5:30  Combat Shields  
  65  5:33  Command Center  
  65  5:35  SCV, Marine  
  70  5:39  SCV  
  71  5:43  Concussive Shells  
  71  5:47  SCV  
  72  5:51  SCV, Medivac  
  72  5:54  Marine x3  
  78  5:57  Refinery  
  78  6:04  Supply Depot  
  78  6:08  Supply Depot  
  78  6:09  Supply Depot  
  78  6:15  Supply Depot  
  78  6:26  Marauder, SCV x2, Medivac, Marine  
  78  6:30  Cyclone  
  88  6:37  Marauder, Marine  
  88  6:38  SCV, Engineering Bay x2  
  92  6:42  SCV  
  92  6:44  Marine  
  94  6:50  SCV  
  95  6:54  SCV  
  95  6:55  Barracks  
  95  6:58  Barracks  
  93  7:05  SCV  
  93  7:06  SCV  
  96  7:12  Orbital Command  
  96  7:13  Medivac  
  96  7:14  Medivac  
  99  7:17  SCV  
  99  7:18  SCV  
  99  7:21  Cyclone  
  104  7:23  Marine  
  104  7:28  Marauder, Marine  
  104  7:29  SCV  
  109  7:30  SCV  
  109  7:31  Terran Infantry Weapons Level 1  
  109  7:33  Terran Infantry Armor Level 1  
  109  7:36  Marauder  
  111  7:37  SCV  
  111  7:41  SCV, Marine  
  111  7:44  SCV, Barracks Tech Lab  
  117  7:46  Barracks Tech Lab  
  117  7:48  Liberator  
  117  7:49  Marauder  
  119  7:51  Refinery  
  119  7:52  Refinery  
  119  7:53  Armory, Marine  
  119  7:57  Marine  
  121  7:59  Marine  
  120  8:10  Marine  
  120  8:11  Marine  
  120  8:12  Supply Depot  
  125  8:14  Supply Depot x2  
  125  8:17  Supply Depot x2  
  125  8:18  Liberator  
  125  8:31  Liberator  
  125  8:33  Marine x2  
  125  8:34  Supply Depot, Cyclone, Marauder, Marine  
  133  8:35  Marine x2  
  138  8:44  Barracks  
  138  8:46  Barracks  
  139  8:48  SCV  
  139  8:51  Marine  
  139  8:52  Marauder  
  139  8:53  Marine x2  
  149  8:55  Marauder  
  149  8:59  Marine  
  150  9:09  Marine  
  151  9:11  Marauder  
  151  9:12  Marauder  
  151  9:13  Marauder  
  156  9:17  Marine, Marauder  
  160  9:27  Marine  
Tags
 
Add a new tag
Caveats
  • Supply blocks, unpowered buildings, or Contaminate may cause inaccurate times.
  • Supply counts are checked every 10 seconds.